 Dungeon Crawl Stone Soup version 0.23-a0-586-gacb4b3f (webtiles) character file.

65 inc the Firebug (level 3, 14/14 HPs)
             Began as a Felid Fire Elementalist on Dec 18, 2018.
             Was an Initiate of Fedhas.
             Quit the game on level 3 of the Dungeon.
             The game lasted 00:03:06 (2954 turns).

inc the Firebug (Felid Fire Elementalist)           Turns: 2954, Time: 00:03:07

Health: 14/14      AC:  1    Str:  4    XL:     3   Next: 92%
Magic:  7/7        EV: 18    Int: 17    God:    Fedhas [......]
Gold:   155        SH:  0    Dex: 16    Spells: 5/6 levels left
                                        Lives:  0   Deaths: 1

rFire    . . .     SeeInvis +   (weapon unavailable)
rCold    . . .     Gourm    .   (shield unavailable)
rNeg     . . .     Faith    .   (armour unavailable)
rPois    .         Spirit   .   (helmet unavailable)
rElec    .         Reflect  .   (cloak unavailable)
rCorr    .         Harm     +   (gloves unavailable)
MR       .....                  (boots unavailable)
Stlth    +++.......             l - amulet of harm
HPRegen  0.04/turn              (no ring)
MPRegen  0.10/turn              (no ring)

@: quick
A: very small, no armour, no weapons or thrown items, stealth, claws 1, fangs 3,
see invisible, carnivore, speed 1, shaggy fur 1, slow metabolism 1, sharp paws
a: Fungal Bloom, Renounce Religion


You were on level 3 of the Dungeon.
You worshipped Fedhas.
Fedhas was noncommittal.
You were not hungry.

You visited 1 branch of the dungeon, and saw 3 of its levels.

You collected 155 gold pieces.

Inventory:

Jewellery
 l - an amulet of harm (around neck)
Wands
 n - a wand of polymorph (5)
Scrolls
 a - a scroll of immolation {unknown}
 c - a scroll of enchant armour {unknown}
 f - a scroll of teleportation {unknown}
 h - 3 scrolls of identify {unknown}
Potions
 d - a potion of curing {unknown}
 e - 2 potions of flight {unknown}
 g - a potion of might {unknown}
 i - 2 potions of brilliance {unknown}
 j - a potion of mutation {unknown}
 k - a potion of invisibility {unknown}
 m - a potion of degeneration {unknown}
 o - a potion of heal wounds {unknown}
Comestibles
 b - 2 rations


   Skills:
 - Level 2.6 Dodging
 - Level 2.6 Stealth
 - Level 2.0 Spellcasting
 + Level 3.6 Conjurations
 + Level 3.6 Fire Magic


You had 5 spell levels left.
You knew the following spells:

 Your Spells              Type           Power        Failure   Level  Hunger
a - Flame Tongue          Conj/Fire      ##...        4%          1    #......

Your spell library contained the following spells:

 Spells                   Type           Power        Failure   Level  Hunger
 Throw Flame              Conj/Fire      ##....       7%          2    ###....
 Conjure Flame            Conj/Fire      ##......     13%         3    ###....
 Inner Flame              Hex/Fire       #.......     28%         3    ###....
 Sticky Flame             Conj/Fire      ##......     41%         4    #####..
 Fireball                 Conj/Fire      ##........   77%         5    ######.


Dungeon Overview and Level Annotations

Branches:
Dungeon (3/15)

Altars:
Dithmenos
Fedhas

Annotations:
D:2 Robin
D:3 1 runed door


Innate Abilities, Weirdness & Mutations

You cannot wear armour.
You are incapable of wielding weapons or throwing items.
Your paws allow you to move quietly. (Stealth)
You have sharp claws.
You have razor-sharp teeth.
You have supernaturally acute eyesight. (SInv)
You are carnivorous and can eat meat at any time.
You cover ground quickly.
You are covered in fur. (AC +1)
You have a slow metabolism.
Your sharp claws are effective at attacking unaware monsters.


Message History

Confirm with . or Enter, or press ? or * to list all spells.
Aiming: Flame Tongue (safe; 4% risk of failure)
Press: ? - help, Shift-Dir - straight line, f/p - worm
Aim: a worm (heavily wounded)
The flame tongue hits the worm.
The worm is heavily wounded.
The worm bites you.
You die...
You are now level 3!
You rejoin the land of the living...
Found 24 gold pieces.
Found two stone staircases leading down. 2 bats come into view.
Unknown command.
Are you sure you want to abandon this character and quit the game? (Confirm
Okay, then.
You can't grasp things well enough to throw them.
A bat comes into view.
Okay, then.
Are you sure you want to abandon this character and quit the game? (Confirm

.# .# #####....... .#
#........>. .#
#.........# .#
##.........# .#
...b.....>.# .#
#..$......#### .#
#.....$....b.. .#
#.b...@..###### .#
#.##.#......... .#
#........### ##
########## ###. # ###
#...# .# ##(#### ##
.##.##.###.###.# )
.##.#.##.##.##.###.## #
###.#.#.#.#.#.#.#.#.#.#


You could see 3 bats.

Vanquished Creatures
  Jessica (D:3)
  Terence (D:3)
  2 adders (D:3)
  2 worms
  An orc (D:3)
  A ball python (D:3)
  4 bats
  4 giant cockroaches
  8 hobgoblins
  5 kobolds
  A quokka (D:3)
  A frilled lizard (D:1)
  16 goblins
  5 rats
52 creatures vanquished.

Notes
Turn   | Place    | Note
-------+----------+-------------------------------------------
     0 | D:1      | inc the Felid Fire Elementalist began the quest for the
                  | Orb.
     0 | D:1      | Reached XP level 1. HP: 7/7 MP: 4/4
     5 | D:1      | Reached skill level 1 in Conjurations
   274 | D:1      | Reached XP level 2. HP: 11/11 MP: 4/6
  1226 | D:2      | Noticed Robin
  1230 | D:2      | Reached XP level 3. HP: 12/14 MP: 7/7
  2134 | D:3      | Found a runed door.
  2400 | D:3      | Noticed Terence
  2407 | D:3      | Killed Terence
  2407 | D:3      | Reached XP level 4. HP: 6/18 MP: 3/8
  2592 | D:3      | Found a blossoming altar of Fedhas.
  2618 | D:3      | Became a worshipper of Fedhas Madash
  2666 | D:3      | Found a shadowy altar of Dithmenos.
  2666 | D:3      | Noticed Jessica
  2670 | D:3      | Killed Jessica
  2952 | D:3      | Slain by a worm
  2953 | D:3      | Reached XP level 3. HP: -2/14 MP: 3/7
  2954 | D:3      | Quit the game

Vault maps used:
D:1:      eino_arrival_tree_alley
D:2:      uniq_robin
D:3:      nicolae_dithmenos_through_a_glass_darkly, fedhas_altar_3,
          minmay_increasing_density, uniq_crazy_yiuf_cottage, uniq_terence,
          uniq_jessica

Skill      XL: |  1  2  3 |
---------------+----------+-----
Conjurations   | 1 2 3 |  3.6
Fire Magic     | 3 |  3.6
Dodging        | |  2.6
Stealth        | |  2.6
Spellcasting   | |  2.0

Action                   |  1- 3 |  4- 6 || total
-------------------------+-------+-------++-------
Melee: Unarmed           |    19 |       ||    19
       Bite              |     1 |       ||     1
 Cast: Flame Tongue      |    66 |    28 ||    94
  Eat: Chunk             |     1 |     3 ||     4
Armor: Skin              |     3 |       ||     3
Dodge: Dodged            |    50 |     3 ||    53

Table legend:
 A = Non-vault XP
 B = Vault XP
 C = Vault XP percentage of total XP
 D = Non-vault monster count
 E = Vault monster count
 F = Vault count percentage of total count
                 A         B        C        D         E       F
            +---------+---------+-------+---------+---------+-------
      Total |      97 |      93 |  48.9 |      40 |      12 |  23.1
            +---------+---------+-------+---------+---------+-------
        D:1 |      27 |       0 |   0.0 |      18 |       0 |   0.0
        D:2 |      14 |      14 |  50.0 |       6 |       7 |  53.8
        D:3 |      56 |      79 |  58.5 |      16 |       5 |  23.8
            +---------+---------+-------+---------+---------+-------
